Map: [ESL] Crimson Court

Players

LiquidClem (Clem) - Winner!

  • Race: Terran Terran
  • League: Grandmaster
  • Spawn Location: 7:00

Harstem

  • Race: Protoss Protoss
  • League: Master
  • Spawn Location: 1:00

Event: HomeStory Cup XXV

VOD

Have the link to the VOD?

Description

Time

  • Played on: June 23, 2024, 7:59 a.m.
  • Length: 8:02

All games in this series

Show
View Real Time Build Order
Export as new Build Order

LiquidClem Terran - Winner!

Build Orders: Cyclone Opening 

Get SALT Encoding   

  12  0:00  SCV  
  13  0:12  SCV  
  14  0:17  Supply Depot  
  14  0:24  SCV  
  15  0:38  SCV  
  15  0:40  Barracks  
  15  0:42  Refinery  
  16  0:50  SCV  
  17  1:02  SCV  
  18  1:14  SCV  
  19  1:26  Orbital Command, Marine  
  20  1:38  Command Center  
  20  1:44  Barracks Reactor  
  20  1:49  Supply Depot  
  20  1:53  SCV  
  21  2:02  Factory  
  21  2:05  SCV  
  22  2:10  Refinery  
  22  2:17  SCV  
  22  2:20  Marine x2  
  25  2:29  SCV  
  26  2:38  Marine x2  
  28  2:44  SCV  
  28  2:45  Cyclone  
  28  2:47  Starport  
  31  2:53  Orbital Command  
  31  2:57  SCV, Marine  
  33  3:09  SCV  
  34  3:12  Supply Depot  
  34  3:18  Cyclone  
  34  3:19  SCV  
  37  3:21  Marine  
  37  3:22  Marine  
  39  3:27  Medivac  
  39  3:31  Supply Depot  
  39  3:33  SCV  
  42  3:39  SCV, Marine x2  
  45  3:45  SCV  
  45  3:47  Barracks  
  46  3:51  SCV, Factory Tech Lab  
  47  3:57  SCV, Marine x2  
  47  3:58  Starport Tech Lab  
  50  4:04  SCV  
  50  4:06  Supply Depot  
  50  4:09  SCV  
  52  4:10  Siege Tank  
  55  4:18  Raven, Barracks  
  55  4:22  Marine x2  
  55  4:23  SCV  
  59  4:25  SCV  
  56  4:35  SCV  
  56  4:38  Barracks Tech Lab, SCV  
  56  4:40  Marine x2  
  56  4:44  Siege Tank  
  59  4:47  SCV  
  59  4:50  SCV  
  61  4:57  Marine  
  61  4:58  Marine  
  61  4:59  SCV  
  63  5:02  Marine  
  63  5:03  SCV  
  65  5:07  Engineering Bay  
  65  5:08  Supply Depot  
  65  5:09  Refinery x2  
  65  5:12  SCV  
  64  5:15  Marine  
  64  5:17  SCV  
  64  5:18  Siege Tank  
  69  5:22  Starport Reactor  
  69  5:24  SCV  
  70  5:30  Supply Depot, SCV, Marine x2, Marauder  
  70  5:33  Marine  
  70  5:35  Supply Depot  
  76  5:36  SCV, Stimpack  
  77  5:46  Supply Depot, Terran Infantry Weapons Level 1  
  77  5:48  SCV  
  78  5:52  SCV, Marine x2, Marauder  
  78  5:54  Supply Depot  
  78  5:56  Combat Shield  
  83  5:58  Marauder  
  83  5:59  Supply Depot  
  83  6:00  SCV  
  86  6:09  Marine x2  
  86  6:11  Medivac  
  90  6:16  Medivac  
  90  6:17  Command Center  
  92  6:21  Marauder  
  94  6:25  Supply Depot  
  94  6:26  Marauder  
  94  6:27  Marine x2  
  94  6:31  Barracks  
  94  6:32  Siege Tank  
  101  6:36  Barracks  
  101  6:42  Supply Depot  
  101  6:43  Marauder  
  101  6:45  Marine x2  
  105  6:47  Marauder  
  105  6:54  Medivac  
  109  6:56  Medivac  
  109  6:59  Supply Depot  
  111  7:02  SCV  
  111  7:03  Marine x2  
  111  7:04  Supply Depot, SCV  
  111  7:07  Marine  
  114  7:10  Siege Tank  
  114  7:12  Marine  
  114  7:14  SCV  
  115  7:19  Barracks Tech Lab  
  115  7:21  Marine x2  
  117  7:24  Viking  
  117  7:26  Marauder, Barracks Reactor  
  121  7:31  SCV  
  121  7:37  Marauder  
  126  7:39  Marine x2, Marauder  
  126  7:42  SCV  
Show
View Real Time Build Order
Export as new Build Order

Harstem Protoss 

Build Orders: 1 Gate Expand, Blink Stalkers, Colossus Rush 

Get SALT Encoding   

  12  0:00  Probe  
  13  0:12  Probe  
  14  0:18  Pylon  
  14  0:24  Probe (Chrono Boost)  
  15  0:36  Probe (Chrono Boost)  
  15  0:37  Gateway  
  16  0:45  Assimilator, Probe (Chrono Boost)  
  17  0:51  Probe  
  18  1:03  Probe  
  19  1:18  Nexus  
  19  1:27  Cybernetics Core  
  19  1:30  Probe  
  20  1:35  Assimilator  
  20  1:42  Probe  
  20  1:45  Pylon  
  21  1:54  Probe  
  21  2:01  Adept (Chrono Boost)  
  22  2:06  Warp Gate  
  22  2:07  Probe  
  25  2:19  Probe  
  25  2:20  Twilight Council  
  26  2:23  Adept (Chrono Boost)  
  28  2:31  Probe (Chrono Boost)  
  28  2:36  Probe (Chrono Boost)  
  30  2:41  Probe (Chrono Boost)  
  32  2:44  Probe (Chrono Boost)  
  32  2:45  Stalker  
  32  2:46  Probe (Chrono Boost)  
  35  2:55  Probe  
  35  2:56  Blink (Chrono Boost)  
  35  2:58  Probe  
  37  3:07  Probe  
  37  3:09  Gateway  
  37  3:10  Probe  
  39  3:19  Probe  
  40  3:22  Probe  
  40  3:24  Pylon  
  41  3:31  Probe  
  40  3:34  Probe  
  40  3:37  Robotics Facility  
  40  3:40  Assimilator  
  41  3:42  Assimilator  
  41  3:43  Probe  
  41  3:46  Probe  
  41  3:47  Shield Battery  
  43  3:54  Stalker  
  45  3:55  Probe  
  45  4:02  Probe, Pylon  
  47  4:05  Stalker  
  47  4:08  Probe  
  50  4:11  Pylon  
  50  4:15  Probe  
  51  4:18  Stalker  
  51  4:20  Probe  
  54  4:29  Probe  
  55  4:32  Probe  
  55  4:36  Stalker  
  55  4:38  Robotics Bay, Immortal (Chrono Boost)  
  50  4:48  Stalker  
  50  4:49  Probe  
  50  4:54  Probe  
  49  5:01  Probe  
  49  5:02  Stalker  
  47  5:12  Stalker  
  47  5:13  Probe x2  
  49  5:22  Colossus (Chrono Boost)  
  49  5:25  Probe x2  
  57  5:32  Stalker  
  59  5:35  Extended Thermal Lance  
  59  5:37  Probe  
  59  5:38  Probe  
  61  5:43  Stalker  
  61  5:49  Probe  
  63  5:50  Probe  
  63  5:52  Pylon  
  64  6:01  Nexus  
  64  6:03  Probe  
  66  6:04  Probe  
  66  6:10  Observer (Chrono Boost)  
  67  6:12  Charge (Chrono Boost)  
  67  6:13  Sentry  
  67  6:15  Probe  
  67  6:16  Probe  
  71  6:18  Pylon  
  71  6:20  Stalker  
  71  6:24  Pylon  
  73  6:27  Probe  
  74  6:33  Colossus (Chrono Boost)  
  74  6:36  Probe  
  74  6:38  Sentry  
  74  6:39  Probe  
  84  6:46  Sentry  
  86  6:48  Probe  
  86  6:51  Shield Battery, Probe  
  87  7:00  Probe  
  88  7:02  Stalker  
  88  7:03  Shield Battery  
  88  7:04  Probe  
  88  7:05  Pylon  
  89  7:12  Probe  
  89  7:13  Stalker  
  89  7:15  Probe  
  92  7:16  Probe  
  99  7:24  Probe  
  99  7:29  Gateway  
  100  7:33  Probe  
  100  7:36  Gateway  
  99  7:37  Zealot  
  99  7:38  Gateway  
  99  7:43  Probe  
  100  7:47  Probe  
Tags
 
Add a new tag
Caveats
  • Supply blocks, unpowered buildings, or Contaminate may cause inaccurate times.
  • Supply counts are checked every 10 seconds.